 Dungeon Crawl Stone Soup version 0.26-a0-1040-gbe3abf3417 (webtiles) character file.

Game seed: 9630606281307702594

77 Dracia the Chiller (level 4, -1/30 HPs)
             Began as a Merfolk Ice Elementalist on Dec 11, 2020.
             Killed by nerve-wracking pain
             ... invoked by an orc priest
              (9 damage)
             ... on level 3 of the Dungeon.
             The game lasted 00:03:09 (2366 turns).

Dracia the Chiller (Merfolk Ice Elementalist)       Turns: 2366, Time: 00:03:10

Health: -1/30      AC: 10    Str: 15    XL:     4   Next: 33%
Magic:  0/7        EV: 11    Int: 14    God:
Gold:   249        SH:  0    Dex: 14    Spells: 6/7 levels left

rFire    . . .     SeeInvis .   p - +3 dagger (flame)
rCold    . . .     Faith    .   (no shield)
rNeg     . . .     Spirit   .   b - +0 ring mail
rPois    .         Reflect  .   j - +0 helmet
rElec    .         Harm     .   (no cloak)
rCorr    .         Rampage  .   h - +2 pair of gloves
Will     .....     Rnd*Tele +   (no boots)
Stlth    +.........             (no amulet)
HPRegen  0.10/turn              t - ring of teleportation (curse)
MPRegen  0.10/turn              S - +6 ring of strength

@: flying, very slightly contaminated, hasted, very quick
A: change form in water, swift swim, stealthy swim, blurry vision 1,
deterioration 1, shaggy fur 1
a: no special abilities


You were on level 3 of the Dungeon.
You visited 1 branch of the dungeon, and saw 3 of its levels.

You collected 249 gold pieces.


Innate Abilities, Weirdness & Mutations

You revert to your normal form in water.
You are very nimble and swift while swimming.
You are very stealthy in the water. (Stealth+)
Scrolls take you a little longer to read.
Your body sometimes deteriorates upon taking damage.
You are covered in fur. (AC +1)


   Skills:
 - Level 2.6 Dodging
 - Level 2.1 Stealth
 - Level 2.0 Spellcasting
 + Level 6.3 Ice Magic


You had 6 spell levels left.
You knew the following spells:

 Your Spells              Type           Power        Failure   Level
z - Freeze                Ice            ###.         3%          1

Your spell library contained the following spells:

 Spells                   Type           Power        Failure   Level
 Frozen Ramparts          Ice            ###...       11%         3
 Ozocubu's Armour         Ice            ###.....     11%         3
 Hailstorm                Conj/Ice       ##......     78%         4
 Summon Ice Beast         Ice/Summ       ##......     78%         4

Inventory:

Hand Weapons
 c - a +0 short sword
 p - a +3 dagger of flaming (weapon)
Missiles
 d - 35 poisoned darts
Armour
 a - a +0 robe
 b - a +0 ring mail (worn)
 h - a +2 pair of gloves (worn)
 i - a +2 leather armour of positive energy
 j - a +0 helmet (worn)
 o - a +0 pair of boots
Jewellery
 t - a cursed ring of teleportation (left hand)
 I - a +6 ring of intelligence
 S - a +6 ring of strength (right hand)
Scrolls
 k - 3 scrolls of teleportation {@r4@r4}

Dungeon Overview and Level Annotations

Branches:
Dungeon (3/15)

Altars:
Gozag
Nemelex Xobeh

.. .>? #
...#######.#
.........#.#
#.........#
#.......#
#.....).# .
#.....@o######...
#.$...o.......>..
#.......#..#.$..
######..#<.# .
....#..#
#.##...... #.
........# #
##.###..# .. ..#


You could see an orc priest and an orc wizard.


Message History

Aiming: Freeze (safe; 3% risk of failure)
Press: ? - help, Shift-Dir - straight line, f - orc wizard
Aim: an orc wizard, wielding a +0 dagger and wearing a +0 robe (heavily wounded)
You miscast Freeze.
You are very lightly contaminated with residual magic.
Nothing appears to happen.
The orc priest invokes the aid of Beogh against you.
Beogh smites you!
* * * LOW HITPOINT WARNING * * *
The orc wizard casts a spell at you. The magic dart hits you.
* * * LOW HITPOINT WARNING * * *
It was a potion of mutation.
You feel extremely strange.
You feel yourself wasting away.
Your vision blurs.
Fur sprouts all over your body.
The orc wizard hits you but does no damage.
Unknown command.
It was a potion of haste.
You feel yourself speed up. The orc priest closely misses you.
The orc wizard hits you but does no damage.
Unknown command.
It was a potion of flight.
You feel very buoyant.
You fly up into the air.
The orc priest closely misses you.
It was a potion of curing.
You feel better. The orc wizard barely misses you.
Unknown command.
You closely miss the orc priest.
The orc priest calls down the wrath of Beogh upon you.
Pain shoots through your body!
You die...

Skill      XL: |  1  2  3 |
---------------+----------+-----
Ice Magic      | 5 6 |  6.3
Dodging        | |  2.6
Stealth        | |  2.1
Spellcasting   | |  2.0

Action                   |  1- 3 |  4- 6 || total
-------------------------+-------+-------++-------
Melee: Short sword       |    45 |       ||    45
       Dagger            |       |     7 ||     7
 Cast: Freeze            |    30 |     7 ||    37
  Use: Scroll            |     2 |     4 ||     6
       Potion            |       |     4 ||     4
Armor: Ring mail         |    41 |     7 ||    48
Dodge: Dodged            |    52 |    15 ||    67

Levels and vault maps discovered:
D:1:      dpeg_arrival_rooms_b, layout_basic, skrybe_limestone_x,
          nemelex_diamond_rough_becter
D:2:      layout_basic, serial_curves, eino_curves_02, eino_curves_04,
          hangedman_decor_points, minmay_misc_feat_encased,
          minmay_strange_pillars, minmay_gold_behind_fungi, hex_medium,
          chequers_hall_statues_y, grunt_gozag_breadcrumbs, uniq_jessica
D:3:      wander_river, layout_basic, gammafunk_ghost_necromancy, uniq_terence,
          uniq_sigmund, uniq_crazy_yiuf_cottage

Notes
Turn   | Place    | Note
-------+----------+-------------------------------------------
     0 | D:1      | Dracia the Merfolk Ice Elementalist began the quest for the
                  | Orb.
     0 | D:1      | Reached XP level 1. HP: 13/13 MP: 3/3
    59 | D:1      | Found a sparkling altar of Nemelex Xobeh.
   675 | D:1      | Reached XP level 2. HP: 17/19 MP: 1/5
   949 | D:2      | Reached skill level 5 in Ice Magic
  1232 | D:2      | Found an opulent altar of Gozag.
  1547 | D:2      | Reached XP level 3. HP: 24/24 MP: 1/6
  1814 | D:2      | Noticed Jessica
  1831 | D:2      | Killed Jessica
  1832 | D:2      | Reached skill level 6 in Ice Magic
  1832 | D:2      | Reached XP level 4. HP: 21/30 MP: 4/7
  2361 | D:3      | HP: 2/30 [orc wizard/magic dart (6)]
  2362 | D:3      | Gained mutation: Your body sometimes deteriorates upon
                  | taking damage. [potion of mutation]
  2362 | D:3      | Gained mutation: Scrolls take you a little longer to read.
                  | [potion of mutation]
  2362 | D:3      | Gained mutation: You are covered in fur. (AC +1) [potion of
                  | mutation]
  2366 | D:3      | Killed from afar by an orc priest

Vanquished Creatures
  Jessica (D:2)
  An adder (D:2)
  3 worms (D:2)
  A dart slug (D:1)
  A leopard gecko (D:2)
  2 orcs (D:3)
  5 bats
  2 giant cockroaches
  2 goblins
  A hobgoblin (D:2)
  3 jackals (D:2)
  3 kobolds (D:2)
  A frilled lizard (D:1)
  2 rats (D:2)
28 creatures vanquished.

Vanquished Creatures (others)
  4 fungi (D:2)
  4 toadstools (D:2)
8 creatures vanquished.

Grand Total: 36 creatures vanquished

Table legend: (Time is in decaauts)
 A = Elapsed time spent in this place.
 B = Non-inter-level travel time spent in this place.
 C = Inter-level travel time spent in this place.
 D = Time resting spent in this place.
 E = Time spent auto-exploring this place.
 F = Levels seen in this place.
 G = Mean time per level.
                   A        B        C        D        E       F      G
               +--------+--------+--------+--------+--------+-----+--------+
         Total |   2366 |   2296 |     70 |    808 |   1236 |   3 |  788.7 |
       Dungeon |   2366 |   2296 |     70 |    808 |   1236 |   3 |  788.7 |
               +--------+--------+--------+--------+--------+-----+--------+

Top non-repeatable levels by time:
     D:2: 1432 daAuts
     D:1: 908 daAuts
     D:3: 25 daAuts

Table legend:
 A = Non-vault XP
 B = Vault XP
 C = Vault XP percentage of total XP
 D = Non-vault monster count
 E = Vault monster count
 F = Vault count percentage of total count
                 A         B        C        D         E       F
            +---------+---------+-------+---------+---------+-------
      Total |      73 |      37 |  33.6 |      27 |       1 |   3.6
            +---------+---------+-------+---------+---------+-------
        D:1 |      11 |       0 |   0.0 |       5 |       0 |   0.0
        D:2 |      52 |      37 |  41.6 |      18 |       1 |   5.3
        D:3 |      10 |       0 |   0.0 |       4 |       0 |   0.0
            +---------+---------+-------+---------+---------+-------
